 Dungeon Crawl Stone Soup version 0.31-a0-256-g80acddb972 (webtiles) character file.

Game seed: 1847144517727998944

886 GordonOverkill the Chopper (level 7, 0/52 HPs)
             Began as a Mummy Ice Elementalist on July 13, 2023.
             Slain by a centaur (2 damage)
             ... on level 5 of the Dungeon.
             The game lasted 00:07:12 (4163 turns).

GordonOverkill the Chopper (Mummy Ice Elementalist) Turns: 4163, Time: 00:07:12

Health: 0/52       AC: 22    Str: 11    XL:     7   Next: 76%
Magic:  13/13      EV:  6    Int: 17    God:
Gold:   111        SH:  0    Dex: 16    Spells: 14/14 levels left

rFire   x . .        j - +2 hand axe (elec)
rCold   + . .        (no shield)
rNeg    + + +        p - +14 chain mail of the Meadowlark {Dex+4}
rPois   ∞            (no helmet)
rElec   .            m - scarf {repulsion}
rCorr   .            (no gloves)
SInv    .            (no boots)
Will    .....        (no amulet) Stlth
                     (no ring)
HPRegen 0.28/turn    (no ring)
MPRegen 0.13/turn

%: repel missiles, faith
@: no status effects
A: cold resistance 1, negative energy resistance 3, torment resistance 2, heat
vulnerability 1, in touch with death 1, no potions, faith
a: no special abilities


You were on level 5 of the Dungeon.
You visited 1 branch of the dungeon, and saw 5 of its levels.

You collected 111 gold pieces.

Inventory:

Hand Weapons
 b - a +0 dagger of venom
 e - a +3 short sword
 j - a +2 hand axe of electrocution (weapon)
 o - a +0 sling of draining
Armour
 a - a +1 robe
 m - a scarf of repulsion (worn)
 p - the +14 chain mail of the Meadowlark (worn) {Dex+4}
   (You found it on level 3 of the Dungeon)

   Dex:       It affects your dexterity (+4).
Jewellery
 r - a ring of ice
Wands
 q - a wand of polymorph (8)
Scrolls
 c - 2 scrolls of enchant armour
 d - a scroll of teleportation
 f - a scroll of revelation
 g - a scroll of fog
 k - a scroll of noise {unknown}
 l - a scroll of blinking {unknown}
 s - a scroll of brand weapon {unknown}
 t - a scroll of immolation {unknown}


   Skills:
 + Level 3.6 Fighting
 * Level 4.6 Axes
 + Level 2.5 Armour
 - Level 1.5 Dodging
 - Level 1.5 Stealth
 - Level 4.4 Spellcasting
 - Level 4.1 Ice Magic


You had 14 spell levels left.
You didn't know any spells.
Your spell library contained the following spells:

 Spells                   Type           Power      Damage    Failure   Level
 Freeze                   Ice            68%        1d8       63%         1
 Frozen Ramparts          Ice            34%        1d6       94%         3
 Ozocubu's Armour         Ice            17%        N/A       94%         3
 Cigotuvi's Dreadful Rot  Necr/Pois/Air  10%        N/A       100%        2
 Dispel Undead            Necr           5%         3d7       100%        4
 Summon Ice Beast         Ice/Summ       10%        N/A       100%        4
 Death Channel            Necr           2%         N/A       100%        6
 Haunt                    Necr/Summ      2%         N/A       100%        7
 Borgnjor's Revivificati  Necr           Unusable   N/A       N/A         8
 Death's Door             Necr           Unusable   N/A       N/A         9

Dungeon Overview and Level Annotations

Branches:
Dungeon (5/15)
 Temple: D:4-7

Altars:

Annotations:
D:5 Menkaure


Innate Abilities, Weirdness & Mutations

You are immune to poison.
Your flesh is cold resistant. (rC+)
You are immune to negative energy. (rN+++)
You are immune to unholy pain and torment.
You are vulnerable to heat. (rF-)
You are in touch with the powers of death.
You do not drink.
You have a special connection with the divine. (Faith)


Message History

You hit the gnoll bouda but do no damage.
Lightning courses through the gnoll bouda!!
You kill the gnoll bouda!
The gnoll hits you but does no damage. x2
You hit the gnoll.
The gnoll is moderately wounded.
You hit the gnoll but do no damage. The gnoll hits you with a +0 flail.
The gnoll hits you but does no damage.
Okay, then.
As you read the scroll labelled QAYMPA ZETYRUS, it crumbles to dust.
It is a scroll of enchant weapon.
Your +1 hand axe of electrocution glows red for a moment.
The gnoll closely misses you. x2
You hit the gnoll. Lightning courses through the gnoll!
You kill the gnoll!
You closely miss the gnoll.
The gnoll throws a throwing net.
The throwing net hits you.
You become entangled in the net!
The gnoll hits you but does no damage.
You tear a large gash into the net.
Menkaure hits you. The gnoll hits you with a +0 flail!
You struggle against the net.
Menkaure hits you!
* * * LOW HITPOINT WARNING * * *
The gnoll hits you with a +0 flail.
* * * LOW HITPOINT WARNING * * *
Menkaure hits you!
* * * LOW HITPOINT WARNING * * *
As you read the scroll of teleportation, it crumbles to dust.
You feel strangely unstable. The gnoll barely misses you. Menkaure hits you!
* * * LOW HITPOINT WARNING * * *
You rip the net and break free!
Menkaure hits you.
* * * LOW HITPOINT WARNING * * *
The gnoll hits you but does no damage. The gnoll attacks as you move away!
The gnoll closely misses you. Menkaure attacks as you move away!
Menkaure completely misses you.
Your surroundings suddenly seem different.
A centaur comes into view.
Found 16 gold pieces.
The centaur shouts!
You hear a shout!
The centaur barely misses you. The centaur kicks you.
You die...

.#.. # #. .
.. #$##.
#.#..##
#....#
####....##
.........#.#
#...@c..#
#....##.#
#....#
#.....
#.....
#######


You could see a centaur.

Vanquished Creatures
  2 black bears (D:5)
  A phantom (D:5)
  Blork the orc (D:4)
  3 scorpions
  A howler monkey (D:4)
  A jelly (D:5)
  2 hounds
  An orc priest (D:5)
  A gnoll bouda (D:5)
  An orc wizard (D:5)
  4 adders
  5 gnolls
  2 worms
  2 dart slugs
  10 orcs
  7 bats
  7 endoplasms
  4 giant cockroaches
  7 hobgoblins
  7 kobolds
  5 quokkas
  4 ball pythons
  4 frilled lizards
  9 goblins
  4 rats
95 creatures vanquished.

Notes
Turn   | Place    | Note
-------+----------+-------------------------------------------
     0 | D:1      | GordonOverkill the Mummy Ice Elementalist began the quest
                  | for the Orb.
     0 | D:1      | Reached XP level 1. HP: 13/13 MP: 4/4
   405 | D:1      | Reached XP level 2. HP: 19/19 MP: 1/6
  1157 | D:2      | Gained mutation: You are in touch with the powers of death.
                  | [Mummy growth]
  1157 | D:2      | Reached XP level 3. HP: 23/24 MP: 0/8
  1821 | D:3      | Learned a level 3 spell: Frozen Ramparts
  2210 | D:3      | Reached XP level 4. HP: 30/30 MP: 8/10
  2319 | D:3      | Reached skill level 1 in Axes
  2489 | D:3      | Identified the +14 chain mail of the Meadowlark {Dex+4}
  2860 | D:3      | Found a faded altar of an unknown god.
  3053 | D:4      | Reached XP level 5. HP: 36/36 MP: 11/11
  3127 | D:4      | Reached skill level 1 in Fighting
  3507 | D:4      | Reached XP level 6. HP: 44/44 MP: 12/12
  3687 | D:5      | Entered Level 5 of the Dungeon
  3687 | D:5      | Noticed Blork the orc
  3703 | D:4      | Killed Blork the orc
  3704 | D:4      | Reached skill level 1 in Armour
  3805 | D:5      | Reached XP level 7. HP: 51/51 MP: 13/13
  4149 | D:5      | Noticed Menkaure
  4162 | D:5      | HP: 2/52 [Menkaure (5)]
  4163 | D:5      | Slain by a centaur

Illustrated notes

Levels and vault maps discovered:
D:1:      nicolae_arrival_memento_mori, layout_rooms, kennysheep_minor_cross
D:2:      layout_basic, amethyst_killhole
D:3:      layout_loops_corners, shapermc_ecumenical_altar_mp_highgroup,
          minmay_close_crescents
D:4:      layout_gridville, hangedman_abyss_or_decor_passed
D:5:      layout_rooms, general_overflow_altar, uniq_menkaure,
          uniq_blork_the_orc

Skill      XL: |  1  2  3  4  5  6  7 |
---------------+----------------------+-----
Spellcasting   | 3 4 |  4.4
Ice Magic      | 4 |  4.1
Axes           | 1 2 3 4 |  4.6
Fighting       | 1 2 3 |  3.6
Armour         | 1 2 |  2.5
Dodging        | |  1.5
Stealth        | |  1.5

Action                     |  1- 3 |  4- 6 |  7- 9 || total
---------------------------+-------+-------+-------++-------
  Melee: Dagger            |    11 |       |       ||    11
         Hand axe          |     7 |   100 |    57 ||   164
         Punch             |       |     1 |     1 ||     2
   Fire: Sling             |       |    21 |       ||    21
   Cast: Freeze            |    61 |     4 |       ||    65
    Use: Scroll            |       |       |     8 ||     8
   Stab: Distracted        |     1 |       |       ||     1
 Armour: Robe              |    17 |     3 |       ||    20
         Chain mail        |       |    94 |    79 ||   173
  Dodge: Dodged            |    39 |    45 |    26 ||   110
         Repelled          |       |       |     1 ||     1

Table legend: (Time is in decaauts)
 A = Elapsed time spent in this place.
 B = Non-inter-level travel time spent in this place.
 C = Inter-level travel time spent in this place.
 D = Time resting spent in this place.
 E = Time spent auto-exploring this place.
 F = Levels seen in this place.
 G = Mean time per level.
                   A        B        C        D        E       F      G
               +--------+--------+--------+--------+--------+-----+--------+
         Total |   4199 |   4010 |    189 |    804 |   2400 |   5 |  839.8 |
       Dungeon |   4199 |   4010 |    189 |    804 |   2400 |   5 |  839.8 |
               +--------+--------+--------+--------+--------+-----+--------+

Top non-repeatable levels by time:
     D:3: 1217 daAuts
     D:1: 927 daAuts
     D:4: 897 daAuts
     D:2: 880 daAuts
     D:5: 277 daAuts
